 Dungeon Crawl Stone Soup version 0.32-a0-909-gc671339a80 (webtiles) character file.

Game seed: 14538578970935405197

107 Griffin23 the Trooper (level 4, -7/41 HPs)
             Began as a Minotaur Fighter on Apr 6, 2024.
             Killed by divine providence
             ... invoked by an orc priest
              (14 damage)
             ... on level 3 of the Dungeon.
             The game lasted 00:01:49 (1974 turns).

Griffin23 the Trooper (Minotaur Fighter)            Turns: 1974, Time: 00:01:49

Health: -7/41      AC:  8    Str: 23    XL:     4   Next: 57%
Magic:  3/3        EV: 23    Int:  5    God:
Gold:   164        SH:  4    Dex:  9    Spells: 3/3 levels left

rFire   . . .        a - +0 long sword
rCold   . . .        c - +0 buckler
rNeg    . . .        b - +0 scale mail
rPois   .            (helmet restricted)
rElec   .            (no cloak)
rCorr   .            n - +0 pair of gloves
SInv    .            (no boots)
Will    .....        i - amulet of the acrobat Stlth
                     (no ring)
HPRegen 0.26/turn    (no ring)
MPRegen 0.08/turn

%: acrobat
@: acrobatic
A: horns 2, retaliatory headbutt
a: Convert to Beogh


You were on level 3 of the Dungeon.
You visited 1 branch of the dungeon, and saw 3 of its levels.

You collected 164 gold pieces.

Inventory:

Hand Weapons
 a - a +0 long sword (weapon)
Armour
 b - a +0 scale mail (worn)
 c - a +0 buckler (worn)
 n - a +0 pair of gloves (worn)
Jewellery
 i - an amulet of the acrobat (around neck)
Scrolls
 f - 3 scrolls of identify
 h - 3 scrolls of noise
 l - a scroll of blinking {unknown}
 o - 2 scrolls of enchant weapon
Potions
 d - a potion of might
 g - a potion of degeneration {unknown}
 j - a potion of curing {unknown}
 k - a potion of berserk rage {unknown}
 m - a potion of heal wounds {unknown}


   Skills:
 + Level 4.4 Fighting
 * Level 3.8 Long Blades
 + Level 4.4 Armour
 + Level 4.4 Shields


You had 3 spell levels left.
You didn't know any spells.
Your spell library contained the following spells:

 Spells                   Type           Power      Damage    Failure   Level
 Blink                    Tloc           0%         N/A       93%         2
 Lesser Beckoning         Tloc           0%         N/A       93%         2
 Momentum Strike          Conj/Tloc      0%         3d8       93%         2


Dungeon Overview and Level Annotations

Branches:
Dungeon (3/15)

Altars:


Innate Abilities, Weirdness & Mutations

You have a pair of horns on your head.
You reflexively headbutt those who attack you in melee.


Message History

* * * LOW HITPOINT WARNING * * *
The orc priest closely misses you. The orc barely misses you.
The orc priest shouts, "Beogh offers mercy even to people such as you.
Join us and be reborn!"
As you read the scroll labelled WAOFU YJIQUYXU, it crumbles to dust.
You hear a loud clanging noise!
It was a scroll of noise.
The orc barely misses you.
The orc priest hits you with a +0 falchion.
* * * LOW HITPOINT WARNING * * *
The orc hits you with a +0 morningstar.
* * * LOW HITPOINT WARNING * * *
You hit the orc priest. Your headbutt misses the orc priest.
The orc priest is moderately wounded.
The orc misses you. The orc priest closely misses you.
The orc hits you with a +0 morningstar.
* * * LOW HITPOINT WARNING * * *
The orc priest hits you but does no damage.
You block the orc's attack.
As you read the scroll labelled LAGOC SIFOA, it crumbles to dust.
It is a scroll of identify.
o - 2 scrolls of enchant weapon The orc hits you but does no damage. x2; The orc priest barely misses you.
As you read the scroll labelled FESSIER RASUUCH, it dissolves into smoke.
It was a scroll of fog.
You block the orc's attack.
The rat twitches its whiskers.
The orc barely misses you.
The orc priest shouts, "Surrender to Beogh and we'll let you live!"
The orc priest completely misses you.
Okay, then.
The orc attacks as it pursues you! The orc closely misses you.
The orc attacks as it pursues you! You block the orc's attack.
The orc attacks as it pursues you! You block the orc's attack.
The orc attacks as it pursues you! The orc misses you.
You closely miss the orc. The orc hits you with a +0 morningstar.
* * * LOW HITPOINT WARNING * * *
You block the orc's attack.
You closely miss the orc. The orc barely misses you.
The orc priest begins to cast a cantrip, but forgets the words!
The orc priest calls down the wrath of Beogh upon you.
Beogh smites you!
You die...

#...{........
####§o.......
######§o.......
#o{§r§o§.......
#o############# #. #r#
#. #.# ##
#o######################
#..r.o.@.............>..
########################


You could see an orc priest, an orc and a rat.

Vanquished Creatures
  Jessica (D:2)
  2 adders (D:2)
  A dart slug (D:2)
  2 ribbon worms (D:2)
  3 orcs (D:3)
  A ball python (D:2)
  2 bats (D:2)
  A giant cockroach (D:2)
  5 goblins
  6 hobgoblins
  6 jackals (D:1)
  6 kobolds
  2 quokkas
  2 frilled lizards
  A rat (D:1)
41 creatures vanquished.

Vanquished Creatures (others)
  An orc wizard (D:3)
1 creature vanquished.

Grand Total: 42 creatures vanquished

Notes
Turn   | Place    | Note
-------+----------+-------------------------------------------
     0 | D:1      | Griffin23 the Minotaur Fighter began the quest for the Orb.
     0 | D:1      | Reached XP level 1. HP: 19/19 MP: 0/0
   231 | D:1      | Reached XP level 2. HP: 23/27 MP: 1/1
   779 | D:2      | Noticed Jessica
   782 | D:2      | Killed Jessica
   783 | D:2      | Reached XP level 3. HP: 33/33 MP: 2/2
  1214 | D:2      | Reached XP level 4. HP: 39/40 MP: 3/3
  1974 | D:3      | Killed from afar by an orc priest

Illustrated notes

Levels and vault maps discovered:
D:1:      lemuel_arrival_river_bridge, layout_loops_ring
D:2:      minmay_angry_zag, layout_basic, nrook_loot_triangle,
          minmay_misc_feat_tower, uniq_jessica
D:3:      layout_basic

Skill      XL: |  1  2 |
---------------+-------+-----
Fighting       | 4 |  4.4
Long Blades    | 3 |  3.8
Armour         | 4 |  4.4
Shields        | 4 |  4.4

Action                     |  1- 3 |  4- 6 || total
---------------------------+-------+-------++-------
  Melee: Long sword        |    71 |    53 ||   124
         Headbutt          |    12 |     6 ||    18
    Use: Scroll            |       |     3 ||     3
 Armour: Scale mail        |    50 |    44 ||    94
  Dodge: Dodged            |    39 |    38 ||    77
  Block: Buckler           |    12 |    16 ||    28

Table legend: (Time is in decaauts)
 A = Elapsed time spent in this place.
 B = Non-inter-level travel time spent in this place.
 C = Inter-level travel time spent in this place.
 D = Time resting spent in this place.
 E = Time spent auto-exploring this place.
 F = Levels seen in this place.
 G = Mean time per level.
                   A        B        C        D        E       F      G
               +--------+--------+--------+--------+--------+-----+--------+
         Total |   2007 |   1995 |     12 |      0 |   1641 |   3 |  669.0 |
       Dungeon |   2007 |   1995 |     12 |      0 |   1641 |   3 |  669.0 |
               +--------+--------+--------+--------+--------+-----+--------+

Top non-repeatable levels by time:
     D:2: 878 daAuts
     D:1: 734 daAuts
     D:3: 395 daAuts
